 Dungeon Crawl Stone Soup version 0.30-a0-723-gc1506a1cf0 (webtiles) character file.

Game seed: 16936254278288360789

93 jimonade the Sneak (level 4, 0/23 HPs)
             Began as a Vine Stalker Brigand on Jan 28, 2023.
             Slain by Crazy Yiuf
             ... wielding a +3 quarterstaff of chaos
              (9 damage)
             ... on level 3 of the Dungeon.
             The game lasted 00:03:13 (2266 turns).

jimonade the Sneak (Vine Stalker Brigand)           Turns: 2266, Time: 00:03:14

Health: 0/23       AC:  4    Str: 14    XL:     4   Next: 62%
Magic:  0/5        EV: 11    Int: 11    God:
Gold:   136        SH:  0    Dex: 17    Spells: 3/3 levels left

rFire   . . .      SeeInvis .    a - +2 dagger
rCold   . . .      Faith    .    (no shield)
rNeg    . . .      Spirit   +    l - +0 leather armour
rPois   .          Reflect  .    (no helmet)
rElec   .          Harm     .    c - +0 cloak
rCorr   .          Rampage  .    (no gloves)
Will    .....                    (no boots)
Stlth   +++                      (no amulet)
HPRegen 1.03/turn                (no ring)
MPRegen 0.09/turn                (no ring)

@: no status effects
A: fangs 2, regeneration 1, magic shield, antimagic bite, no potion heal 2
a: no special abilities


You were on level 3 of the Dungeon.
You visited 1 branch of the dungeon, and saw 3 of its levels.

You collected 136 gold pieces.

Inventory:

Hand Weapons
 a - a +2 dagger (weapon)
 s - a +0 long sword
 w - a +0 spear
Missiles
 d - 17 poisoned darts (quivered)
 e - 3 curare-tipped darts
 o - 8 boomerangs
Armour
 b - a +0 robe
 c - a +0 cloak (worn)
 j - a +0 chain mail
 l - a +0 leather armour (worn)
 m - a +0 plate armour
Magical Staves
 g - a staff of cold
Wands
 t - a wand of paralysis (10)
Scrolls
 f - a scroll of noise {unknown}
 h - 2 scrolls of teleportation {unknown}
 q - a scroll of blinking {unknown}
 r - a scroll of brand weapon {unknown}
 u - 5 scrolls of identify {unknown}
Potions
 i - 2 potions of might {unknown}
 k - a potion of lignification {unknown}
 n - 2 potions of heal wounds {unknown}
 p - 2 potions of attraction {unknown}
 v - a potion of cancellation {unknown}
 x - a potion of degeneration {unknown}
 z - a potion of ambrosia {unknown}
 A - a potion of brilliance {unknown}


   Skills:
 - Level 1.7 Fighting
 * Level 4.2 Short Blades
 - Level 1.7 Throwing
 - Level 0.7 Dodging
 - Level 4.8 Stealth


You had 3 spell levels left.
You didn't know any spells.
Your spell library contained the following spells:

 Spells                   Type           Power      Damage    Failure   Level
 Ozocubu's Armour         Ice            0%         N/A       80%         3
 Ozocubu's Refrigeration  Ice            0%         4d7       100%        7


Dungeon Overview and Level Annotations

Branches:
Dungeon (3/15)

Altars:

Annotations:
D:3 Crazy Yiuf


Innate Abilities, Weirdness & Mutations

You have extremely sharp teeth.
Your natural rate of healing is unusually fast.
When hurt, damage is shared between your health and your magic reserves.
Your bite disrupts and absorbs the magic of your enemies.
Potions cannot restore your health.


Message History

Crazy Yiuf laughs, "Lugonu!
Lugonu infinity snockshim."
Crazy Yiuf completely misses you.
You barely miss Crazy Yiuf.
Crazy Yiuf is lightly wounded.
You barely miss Crazy Yiuf. Your bite misses Crazy Yiuf.
Crazy Yiuf is lightly wounded.
Crazy Yiuf hits you with a +3 quarterstaff of chaos!
Crazy Yiuf freezes you.
You hit Crazy Yiuf. You bite Crazy Yiuf. You drain his power.
You feel invigorated.
Crazy Yiuf is moderately wounded.
Crazy Yiuf hits you with a +3 quarterstaff of chaos!
Crazy Yiuf freezes you.
You hit Crazy Yiuf. You bite Crazy Yiuf, but do no damage.
Crazy Yiuf is moderately wounded.
Crazy Yiuf barely misses you.
You hit Crazy Yiuf. Your bite misses Crazy Yiuf.
Crazy Yiuf is heavily wounded.
You hit Crazy Yiuf.
Crazy Yiuf is heavily wounded.
Crazy Yiuf hits you with a +3 quarterstaff of chaos.
* * * LOW HITPOINT WARNING * * *
Crazy Yiuf burns you.
* * * LOW HITPOINT WARNING * * *
You hit Crazy Yiuf.
Crazy Yiuf is severely wounded.
Crazy Yiuf barely misses you.
You hit Crazy Yiuf but do no damage.
Crazy Yiuf is severely wounded.
Crazy Yiuf barely misses you.
You hit Crazy Yiuf but do no damage. Your punch misses Crazy Yiuf.
Crazy Yiuf is severely wounded.
Crazy Yiuf barely misses you.
You barely miss Crazy Yiuf. You punch Crazy Yiuf.
Crazy Yiuf is severely wounded.
You hit Crazy Yiuf but do no damage.
Crazy Yiuf is severely wounded.
Crazy Yiuf grits, "Snower!
Iron Orb Guardian snockshim."
Crazy Yiuf hits you with a +3 quarterstaff of chaos!
You die...

####################
##..................######
#..################......#
#.## #......# #.###♣♣♣♣♣
#......# #.##...♣.♣♣♣ ###
#......# #.......♣..♣#...#
#......# #......♣♣♣♣@g...#
#......# ##.#..♣♣ ♣♣#..)#
#......# ####♣♣ ###
#......### #.........
######.... #.... #...)
#.... #....


You could see Crazy Yiuf.

Vanquished Creatures
  3 adders (D:2)
  An orc (D:3)
  10 ball pythons
  3 endoplasms
  A giant cockroach (D:1)
  5 goblins (D:1)
  6 hobgoblins
  8 jackals
  5 quokkas
  3 bats
  6 frilled lizards
  5 kobolds
  4 rats
60 creatures vanquished.

Vanquished Creatures (others)
  A plant (D:2)
1 creature vanquished.

Grand Total: 61 creatures vanquished

Notes
Turn   | Place    | Note
-------+----------+-------------------------------------------
     0 | D:1      | jimonade the Vine Stalker Brigand began the quest for the
                  | Orb.
     0 | D:1      | Reached XP level 1. HP: 11/11 MP: 2/2
   158 | D:1      | Reached XP level 2. HP: 15/15 MP: 3/3
   435 | D:1      | Reached XP level 3. HP: 14/18 MP: 4/4
  1390 | D:2      | Gained mutation: Your natural rate of healing is unusually
                  | fast. [Vine Stalker growth]
  1390 | D:2      | Reached XP level 4. HP: 23/23 MP: 5/5
  1524 | D:2      | Found a faded altar of an unknown god.
  2031 | D:3      | Found a runed translucent door.
  2032 | D:3      | Noticed Crazy Yiuf
  2266 | D:3      | Slain by Crazy Yiuf

Illustrated notes

Levels and vault maps discovered:
D:1:      psy_arrival_dodecagon, layout_basic, nicolae_kite_square_tiling_tiny
D:2:      layout_basic, serial_forest, infiniplex_forest_lined_2,
          infiniplex_forest_clump_curved, infiniplex_forest_lined_2,
          infiniplex_forest_zigzag_1, infiniplex_forest_fountain,
          infiniplex_forest_lined_room_2, infiniplex_forest_clump_tiny,
          chequers_ecumenical_altar_lobes, minmay_misc_feat_more_columns,
          minmay_shallow_snake_nest
D:3:      layout_basic, uniq_crazy_yiuf_cottage

Skill      XL: |  1  2  3  4 |
---------------+-------------+-----
Short Blades   | 2 3 4 |  4.2
Fighting       | |  1.7
Throwing       | |  1.7
Dodging        | |  0.7
Stealth        | |  4.8

Action                     |  1- 3 |  4- 6 || total
---------------------------+-------+-------++-------
  Melee: Dagger            |    88 |    71 ||   159
         Bite              |    19 |    16 ||    35
         Punch             |       |     1 ||     1
   Stab: Sleeping          |    14 |     1 ||    15
 Armour: Robe              |    16 |       ||    16
         Leather armour    |     4 |     5 ||     9
  Dodge: Dodged            |    44 |    28 ||    72

Table legend: (Time is in decaauts)
 A = Elapsed time spent in this place.
 B = Non-inter-level travel time spent in this place.
 C = Inter-level travel time spent in this place.
 D = Time resting spent in this place.
 E = Time spent auto-exploring this place.
 F = Levels seen in this place.
 G = Mean time per level.
                   A        B        C        D        E       F      G
               +--------+--------+--------+--------+--------+-----+--------+
         Total |   2238 |   2120 |    118 |      0 |   1674 |   3 |  746.0 |
       Dungeon |   2238 |   2120 |    118 |      0 |   1674 |   3 |  746.0 |
               +--------+--------+--------+--------+--------+-----+--------+

Top non-repeatable levels by time:
     D:2: 839 daAuts
     D:1: 827 daAuts
     D:3: 571 daAuts
